 Dungeon Crawl Stone Soup version 0.21.1-1-g345015fe64 (webtiles) character file.

14509 Naow the Victor of a Thousand Battles (level 12, -2/92 HPs)
             Began as a Formicid Fighter on June 10, 2018.
             Was the Champion of Okawaru.
             Killed from afar by an ice statue (18 damage)
             ... with a freezing blast
             ... on level 11 of the Dungeon.
             The game lasted 00:24:04 (9089 turns).

Naow the Victor of a Thousand Battles (FoFi)        Turns: 9089, Time: 00:24:05

Health: -2/92      AC: 19    Str: 26      XL:     12   Next: 46%
Magic:  18/20      EV:  8    Int:  8      God:    Okawaru [******]
Gold:   601        SH: 18    Dex:  9 (10) Spells: 11/11 levels left

rFire    . . .     SeeInvis +   Y - +0 battleaxe
rCold    . . .     Gourm    .   V - +1 large shield {AC+3}
rNeg     . . .     Faith    .   T - +0 plate armour
rPois    +         Spirit   .   (helmet unavailable)
rElec    .         Reflect  .   v - +0 cloak
rCorr    .         Harm     .   R - +1 pair of gloves
MR       +....                  g - +1 pair of boots
Stlth    ..........             E - amulet of regeneration
HPRegen  0.65/turn              o - +5 ring of protection
MPRegen  0.17/turn              l - ring of poison resistance

@: finesse, corroded
A: permanent stasis, dig shafts and tunnels, four strong arms, antennae 3
a: Dig, Shaft Self, Heroism, Finesse, Renounce Religion


You were on level 11 of the Dungeon.
You worshipped Okawaru.
Okawaru was exalted by your worship.
You were not hungry.

You visited 2 branches of the dungeon, and saw 12 of its levels.

You collected 601 gold pieces.

Inventory:

Hand Weapons
 a - a +0 war axe
 Y - a +0 battleaxe (weapon)
Missiles
 S - 4 javelins of returning (quivered)
Armour
 b - a +0 scale mail
 c - a +0 shield
 g - a +1 pair of boots (worn)
 v - a +0 cloak (worn)
 R - a +1 pair of gloves (worn)
 T - a +0 plate armour (worn)
 V - a +1 large shield of protection (worn)
Jewellery
 h - an uncursed ring of positive energy
 l - a ring of poison resistance (right hand)
 o - a +5 ring of protection (left hand)
 E - an amulet of regeneration (around neck)
 M - an uncursed amulet of magic regeneration {unknown}
Wands
 F - a wand of clouds (6)
 H - a wand of scattershot (3)
 I - a wand of enslavement (14)
 J - a wand of iceblast (13)
 N - a wand of acid (6)
 P - a wand of paralysis (16)
Scrolls
 e - 12 scrolls of identify
 i - 5 scrolls of remove curse
 m - 2 scrolls of blinking {unknown}
 n - 2 scrolls of amnesia {unknown}
 q - 2 scrolls of fear {unknown}
 t - 3 scrolls of fog
 u - a scroll of immolation {unknown}
 w - 2 scrolls of magic mapping {unknown}
 y - a scroll of enchant weapon {unknown}
 B - 2 scrolls of random uselessness {unknown}
 G - 2 scrolls of enchant armour
 W - 2 scrolls of teleportation {unknown}
Potions
 d - a potion of might
 j - a potion of berserk rage
 k - a potion of heal wounds
 p - a potion of invisibility
 r - 3 potions of mutation {unknown}
 s - 2 potions of haste
 x - 2 potions of ambrosia {unknown}
 z - a potion of magic {unknown}
 C - a potion of flight {unknown}
 D - 2 potions of curing {unknown}
 K - 3 potions of lignification {unknown}
 L - a potion of degeneration {unknown}
 O - a potion of brilliance {unknown}
 Q - 3 potions of agility {unknown}
 U - a potion of cancellation {unknown}
Books
 A - a book of Minor Magic

   Spells                             Type                      Level
   a - Magic Dart                     Conjuration                  1
   b - Blink                          Translocation                2
   c - Call Imp                       Summoning                    2
   d - Slow                           Hexes                        2
   e - Conjure Flame                  Conjuration/Fire             3
   f - Mephitic Cloud                 Conjuration/Poison/Air       3
Comestibles
 f - 24 rations


   Skills:
 - Level 8.1 Fighting
 + Level 10.7 Axes
 - Level 8.0 Armour
 - Level 6.0 Dodging
 + Level 9.3 Shields
 - Level 10.7 Invocations


You had 11 spell levels left.
You didn't know any spells.

Dungeon Overview and Level Annotations

Branches:
Dungeon (11/15)            Temple (1/1) D:5            Lair (0/6) D:11
    Orc: D:9-12

Altars:
Ashenzari
Cheibriados
Elyvilon
Fedhas
Gozag
Hepliaklqana
Kikubaaqudgha
Makhleb
Nemelex Xobeh
Okawaru
Qazlal
Ru
Sif Muna
Trog
Uskayaw
Vehumet
Wu Jian
Xom
Yredelemnul
The Shining One

Shops:
D:10 ((

Annotations:
D:7 solomon12318's ghost, novice MfGl
D:11 exclusion: ice statue


Innate Abilities, Weirdness & Mutations

You cannot be hasted, slowed, berserked, paralysed or teleported.
You can dig through walls and to a lower floor.
Your four strong arms can wield two-handed weapons with a shield.
You have a pair of large antennae on your head. (SInv)


Message History

You hit the ice statue.
The ice statue is heavily damaged.
You hit the ice statue but do no damage.
The ice statue is heavily damaged.
You feel like a meek peon again.
You hit the ice statue but do no damage.
The ice statue is heavily damaged.
You hit the ice statue.
The ice statue is heavily damaged.
Your shield and plate armour prevent you from hitting the ice statue.
The ice statue is heavily damaged.
You slash the ice statue!
The ice statue is severely damaged.
You hit the ice statue.
The ice statue is severely damaged.
Your shield and plate armour prevent you from hitting the ice statue.
The ice statue is severely damaged.
The ice statue gestures at you. The freezing blast engulfs you!
You die...

#.... #....#.#######.# ..
..##....#.†.......# #
#.##....#.........#
#.##..............####
#.##...#..###........#
#.##.)[#### #######..#
##.####.###### #..#
#....##.##8..#######..#
####..#....##@...........#
#..#..####.##.=.....[.8..#
####..........##............#
†.......<#######...##########
####.#...# ##### .# #.....#
.# #.#.#.# .#...#.#.#
.#...#.#.#


You could see an ice statue.

Vanquished Creatures
  3 two-headed ogres
  A queen ant (D:10)
  Pikel (D:6)
  An obsidian statue (D:11)
  Joseph (D:7)
  A shadow (D:8)
  A wyvern (D:9)
  Sigmund (D:4)
  A human (D:9)
  4 yaks
  4 hogs (D:9)
  2 hungry ghosts (D:9)
  20 soldier ants (D:10)
  3 ice beasts
  2 black bears
  2 slaves (D:6)
  5 phantoms
  4 orc warriors
  A necrophage (D:11)
  4 sky beasts
  8 ogres
  5 centaurs
  A crocodile (D:5)
  2 big kobolds
  3 bullfrogs
  3 scorpions
  A water moccasin skeleton (D:5)
  9 killer bees
  9 wights
  2 howler monkeys
  6 crimson imps
  A bullfrog zombie (D:7)
  2 quasits
  A centaur skeleton (D:4)
  6 orc priests
  9 hounds
  A jelly (D:9)
  15 orc wizards
  3 bullfrog skeletons
  6 iguanas
  23 worker ants
  2 hound skeletons
  A howler monkey zombie (D:10)
  A worker ant zombie (D:8)
  8 gnolls
  10 adders
  5 shadow imps
  2 worms (D:2)
  12 dart slugs
  A leopard gecko (D:1)
  40 orcs
  A ball python (D:1)
  8 bats
  6 giant cockroaches
  11 goblins
  12 hobgoblins
  11 jackals
  8 quokkas
  10 frilled lizards
  13 kobolds
  A quokka skeleton (D:6)
  9 rats
350 creatures vanquished.

Vanquished Creatures (others)
  2 slaves (D:7)
  A centaur skeleton (D:7)
3 creatures vanquished.

Grand Total: 353 creatures vanquished

Notes
Turn   | Place    | Note
-------+----------+-------------------------------------------
     0 | D:1      | Naow the Formicid Fighter began the quest for the Orb.
     0 | D:1      | Reached XP level 1. HP: 18/18 MP: 1/1
   158 | D:1      | Reached XP level 2. HP: 8/24 MP: 2/2
   304 | D:1      | Reached XP level 3. HP: 22/29 MP: 3/3
  1027 | D:2      | Reached XP level 4. HP: 28/35 MP: 4/4
  1280 | D:2      | Reached XP level 5. HP: 40/41 MP: 5/5
  1844 | D:3      | Reached skill level 5 in Shields
  2138 | D:3      | Reached XP level 6. HP: 47/47 MP: 6/6
  2431 | D:3      | Reached skill level 5 in Axes
  2699 | D:4      | Noticed an ogre
  2984 | D:2      | Killed an ogre
  3167 | D:4      | Reached XP level 7. HP: 51/52 MP: 7/7
  3172 | D:4      | Noticed Sigmund
  3256 | D:4      | Found a hazy altar of Hepliaklqana.
  3413 | D:4      | Killed Sigmund
  3413 | D:4      | Reached XP level 8. HP: 46/58 MP: 8/8
  4213 | D:5      | Entered Level 5 of the Dungeon
  4280 | D:5      | Found a burning altar of Makhleb.
  4496 | D:5      | Found a staircase to the Ecumenical Temple.
  4541 | D:5      | Reached XP level 9. HP: 37/64 MP: 9/9
  4556 | Temple   | Entered the Ecumenical Temple
  4670 | Temple   | Became a worshipper of Warmaster Okawaru
  5207 | D:6      | Reached * piety under Okawaru
  5424 | D:6      | Reached skill level 1 in Dodging
  5470 | D:6      | Found a basalt altar of Yredelemnul.
  5613 | D:7      | Noticed solomon12318's ghost (novice MfGl)
  5670 | D:6      | Reached skill level 1 in Invocations
  5824 | D:7      | Noticed Pikel
  5874 | D:6      | Killed Pikel
  5874 | D:6      | Reached ** piety under Okawaru
  5874 | D:6      | Reached XP level 10. HP: 41/73 MP: 8/13
  5986 | D:7      | Noticed Joseph
  6005 | D:7      | Killed Joseph
  6005 | D:7      | Reached skill level 5 in Fighting
  6005 | D:7      | Reached skill level 5 in Armour
  6005 | D:7      | Reached skill level 5 in Invocations
  6057 | D:7      | Noticed a two-headed ogre
  6177 | D:7      | Killed a two-headed ogre
  6177 | D:7      | Reached *** piety under Okawaru
  6753 | D:8      | Noticed a two-headed ogre
  6765 | D:8      | Killed a two-headed ogre
  6765 | D:8      | Reached **** piety under Okawaru
  6765 | D:8      | Reached XP level 11. HP: 72/83 MP: 14/16
  7429 | D:9      | Reached ***** piety under Okawaru
  7457 | D:9      | Reached skill level 5 in Dodging
  7614 | D:9      | Received a gift from Okawaru
  7715 | D:9      | Reached skill level 10 in Axes
  7850 | D:9      | Found a bloodstained altar of Trog.
  8072 | D:10     | Entered Level 10 of the Dungeon
  8150 | D:10     | Found Damostr Mafa's Antique Weapon Boutique.
  8200 | D:10     | Found Kearheot's Weapon Shop.
  8369 | D:10     | Noticed a queen ant
  8407 | D:10     | Killed a queen ant
  8407 | D:10     | Reached skill level 10 in Invocations
  8407 | D:10     | Reached XP level 12. HP: 57/92 MP: 19/19
  8506 | D:10     | Reached ****** piety under Okawaru
  8564 | D:10     | Noticed a two-headed ogre
  8577 | D:10     | Killed a two-headed ogre
  8587 | D:10     | Received a gift from Okawaru
  8849 | D:11     | Noticed a seven-headed hydra
  8972 | D:11     | Found a staircase to the Lair.
  9054 | D:11     | Noticed a sixfirhy
  9068 | D:11     | HP: 3/92 [sixfirhy[an obsidian statue] (9)]
  9089 | D:11     | Killed from afar by an ice statue

Skill      XL: |  1  2  3  4  5  6  7  8  9 10 11 12 |
---------------+-------------------------------------+-----
Shields        | 4 5 6 8 9 |  9.3
Axes           | 3 4 5 7 8 9 10 | 10.7
Dodging        | 2 4 5 6 |  6.0
Invocations    | 4 7 10 | 10.7
Fighting       | 4 6 7 8 |  8.1
Armour         | 4 6 7 8 |  8.0

Action                   |  1- 3 |  4- 6 |  7- 9 | 10-12 || total
-------------------------+-------+-------+-------+-------++-------
Melee: War axe           |    75 |   173 |   371 |   744 ||  1363
       Battleaxe         |       |       |       |    67 ||    67
Invok: Heroism           |       |       |     4 |    14 ||    18
       Finesse           |       |       |       |     1 ||     1
  Use: Scroll            |       |     3 |     1 |       ||     4
       Potion            |       |       |     1 |     2 ||     3
  Eat: Chunk             |       |     8 |     8 |    14 ||    30
       Ration            |       |       |       |     1 ||     1
Armor: Scale mail        |    35 |    91 |   186 |   188 ||   500
       Plate armour      |       |       |       |    52 ||    52
Dodge: Dodged            |    25 |    66 |   142 |   282 ||   515
Block: Shield            |    37 |   109 |   262 |   329 ||   737
       Large shield      |       |       |       |   121 ||   121
